 Dungeon Crawl Stone Soup version 0.30-a0-722-g3e6e8c874d (webtiles) character file.

Game seed: 12358461124277975208

121 sircluck the Covered (level 4, 0/38 (40) HPs)
             Began as an Armataur Fighter on Jan 27, 2023.
             Slain by a goblin
             ... wielding a +0 dagger
             ... led by Robin
              (1 damage)
             ... on level 2 of the Dungeon.
             The game lasted 00:08:18 (2166 turns).

sircluck the Covered (Armataur Fighter)             Turns: 2166, Time: 00:08:19

HP:   0/38 (40)     AC:  7    Str: 24    XL:     4   Next: 77%
MP:   4/4           EV:  7    Int:  8    God:
Gold: 85            SH:  4    Dex:  9    Spells: 3/3 levels left

rFire   . . .      SeeInvis .    f - +0 short sword
rCold   . . .      Faith    .    b - +0 buckler
rNeg    . . .      Spirit   .    a - +0 scale mail
rPois   .          Reflect  .    (no helmet)
rElec   .          Harm     .    (no cloak)
rCorr   .          Roll     +    (no gloves)
Will    .....                    (no barding) Stlth
                                 (no amulet)
HPRegen 0.26/turn                (no ring)
MPRegen 0.09/turn                (no ring)

@: drained
A: large, rugged brown scales 3, deformed body, armoured tail, roll, long
tongue, awkward tongue
a: no special abilities


You were on level 2 of the Dungeon.
You visited 1 branch of the dungeon, and saw 2 of its levels.

You collected 85 gold pieces.

Inventory:

Hand Weapons
 d - a +0 club
 f - a +0 short sword (weapon)
 i - a +0 dagger of venom
 n - a +0 hammer
Missiles
 g - 19 stones (quivered)
Armour
 a - a +0 scale mail (worn)
 b - a +0 buckler (worn)
 m - the +1 robe "Qocuk" {rF+}
   (You found it on level 2 of the Dungeon)

   rF:        It protects you from fire.
Jewellery
 e - an amulet of magic regeneration
Wands
 c - a wand of flame (12)
Scrolls
 k - a scroll of identify {unknown}
Potions
 h - a potion of attraction


   Skills:
 + Level 3.0 Fighting
 + Level 1.3 Short Blades
 + Level 5.1 Armour
 + Level 0.5 Dodging
 + Level 3.9 Shields
 + Level 2.0 Unarmed Combat


You had 3 spell levels left.
You didn't know any spells.
Your spell library was empty.

Dungeon Overview and Level Annotations

Branches:
Dungeon (2/15)

Altars:

Annotations:
D:2 Robin


Innate Abilities, Weirdness & Mutations

You are completely covered in rugged brown scales. (AC +3, +7% HP)
Armour fits poorly on your strangely shaped body.
You have a long armoured tail.
You roll when moving toward enemies. (Rampage)
Your long tongue fully drains potion bottles. (2x potion effects)
Your tongue gives you trouble enunciating. (1.5x scroll delay)


Message History

The goblin hits you with a +0 dagger.
You hit the hobgoblin.
The hobgoblin is severely wounded.
The hobgoblin hits you but does no damage.
You block the hobgoblin's attack. The goblin closely misses you.
You hit the hobgoblin.
The hobgoblin is almost dead.
The hobgoblin hits you. You block the hobgoblin's attack.
The goblin hits you but does no damage.
You barely miss the hobgoblin.
You tail-slap the hobgoblin, but do no damage.
The hobgoblin is almost dead.
You hit the hobgoblin.
You kill the hobgoblin!
The goblin hits you with a +0 dagger. The hobgoblin barely misses you.
The goblin unwields a +0 dagger.
The goblin wields a +0 sling.
The goblin shoots a sling bullet.
The sling bullet hits you but does no damage.
The hobgoblin shouts!
You roll towards Robin!
You hit Robin but do no damage. You block the hobgoblin's attack.
Robin zaps a wand.
The bolt of light hits you!!
You are confused.
* * * LOW HITPOINT WARNING * * *
The bolt of light hits the goblin!!
The goblin dies!
You're too confused to move!
The hobgoblin hits you but does no damage.
The goblin unwields a +0 sling.
The goblin wields a +0 dagger.
The goblin hits you but does no damage. Robin hits you but does no damage.
You miss the hobgoblin. The hobgoblin barely misses you.
Robin throws the goblin at you! The goblin closely misses you.
You hit Robin.
Robin is lightly wounded.
You feel less confused. The hobgoblin hits you.
* * * LOW HITPOINT WARNING * * *
Robin barely misses you. The hobgoblin closely misses you.
The goblin hits you with a +0 dagger.
You die...

........# #...###
##.###.(# #....#
....†...# ####.#
##.###.## #.##..
##.# #.# #÷##.#
...# #.# #.##.#
####
#.#########.##.# #
#...<.....gg##.# #
#.#########@##.####
# ## .#
#gg.....##.# ..
#g.........# .#
####....#### .#
####.# .# #.# .###
########.# ...#
#........# .#†#
#..#.###.#


You could see Robin, 3 hobgoblins and a goblin (strong).

Vanquished Creatures
  Natasha (thrice) (D:2)
  2 dart slugs (D:1)
  11 ball pythons
  2 bats (D:1)
  5 endoplasms
  2 giant cockroaches
  2 goblins (D:2)
  6 hobgoblins
  A quokka (D:2)
  5 kobolds
39 creatures vanquished.

Vanquished Creatures (others)
  A goblin (D:2)
1 creature vanquished.

Grand Total: 40 creatures vanquished

Notes
Turn   | Place    | Note
-------+----------+-------------------------------------------
     0 | D:1      | sircluck the Armataur Fighter began the quest for the Orb.
     0 | D:1      | Reached XP level 1. HP: 19/19 MP: 1/1
   141 | D:1      | Reached XP level 2. HP: 21/26 MP: 2/2
   472 | D:1      | Reached skill level 4 in Armour
  1329 | D:1      | Reached XP level 3. HP: 30/32 MP: 3/3
  1657 | D:2      | Identified the +1 robe "Qocuk" {rF+}
  1797 | D:2      | Noticed Robin
  1877 | D:2      | Noticed Natasha
  1893 | D:2      | Killed Natasha
  1894 | D:2      | Reached XP level 4. HP: 13/40 MP: 4/4
  1920 | D:2      | Noticed Natasha
  1932 | D:2      | Killed Natasha
  1933 | D:2      | Reached skill level 1 in Short Blades
  1951 | D:2      | Noticed Natasha
  1965 | D:2      | HP: 1/40 [Natasha (4)]
  1967 | D:2      | Killed Natasha
  1968 | D:2      | Reached skill level 5 in Armour
  2166 | D:2      | HP: 1/38 [hobgoblin[Robin] (5)]
  2166 | D:2      | Slain by a goblin

Illustrated notes

Levels and vault maps discovered:
D:1:      minmay_arrival_split_and_join, layout_basic
D:2:      layout_loops_ring, uniq_robin, uniq_crazy_yiuf_cottage, uniq_jessica,
          uniq_natasha

Skill      XL: |  1  2  3  4 |
---------------+-------------+-----
Armour         | 4 5 |  5.1
Unarmed Combat | 2 |  2.0
Fighting       | 3 |  3.0
Short Blades   | 1 |  1.3
Dodging        | |  0.5
Shields        | |  3.9

Action                     |  1- 3 |  4- 6 || total
---------------------------+-------+-------++-------
  Melee: Unarmed           |    16 |       ||    16
         Tailslap          |    24 |     6 ||    30
         Short sword       |   125 |    37 ||   162
    Use: Potion            |     3 |     2 ||     5
         Scroll            |     2 |       ||     2
 Armour: Scale mail        |   106 |    19 ||   125
  Dodge: Dodged            |    74 |    16 ||    90
  Block: Buckler           |    41 |    11 ||    52

Table legend: (Time is in decaauts)
 A = Elapsed time spent in this place.
 B = Non-inter-level travel time spent in this place.
 C = Inter-level travel time spent in this place.
 D = Time resting spent in this place.
 E = Time spent auto-exploring this place.
 F = Levels seen in this place.
 G = Mean time per level.
                   A        B        C        D        E       F      G
               +--------+--------+--------+--------+--------+-----+--------+
         Total |   2202 |   2107 |     95 |    286 |    462 |   2 | 1101.0 |
       Dungeon |   2202 |   2107 |     95 |    286 |    462 |   2 | 1101.0 |
               +--------+--------+--------+--------+--------+-----+--------+

Top non-repeatable levels by time:
     D:1: 1480 daAuts
     D:2: 722 daAuts
